cohdb
Replays
Latest Replays
All Replays
Popular Replays
Top Player Replays
Match Explorer
How It Works
Community
CoH3 Stats
Reddit
Sign in to upload your games and track your stats! →
Sign in with Steam
Commandos 2v2s
Match 11721416
Overview
Messages
Build Orders
End
Construct Infanterie Kompanie
Grenadier Squad
MG 42 Machine Gun Team
Grenadier Squad
Construct Luftwaffe Kompanie
Jäger Squad
Sniper
Medical Station
Jäger Squad
Luftwaffe Officer Quarters
Jäger Squad
Selects Mechanized Battlegroup
Selects Raid Package
Selects 8 Rad Armored Car
8 Rad Armored Car
8 Rad Armored Car
Support Elements
Marder III M Tank Destroyer
Selects Panther Heavy Tank
Pioneer Squad
Panther Heavy Tank
Selects Spotting Scopes
MG 42 Machine Gun Team
AI Takeover
Rutra #NoToAerePerennius
S KI D R O W #NoToAerePerennius
Wolfe
Rubberluck
0
0
Comments
sign in to comment!
No comments posted yet!